 Dungeon Crawl Stone Soup version 0.21.1-1-g345015f (webtiles) character file.

2717 Miyamura the Covered (level 9, -5/72 HPs)
             Began as a Barachi Fighter on Feb 9, 2018.
             Killed by divine providence
             ... invoked by an orc priest
              (13 damage)
             ... on level 7 of the Dungeon.
             The game lasted 00:14:31 (10625 turns).

Miyamura the Covered (Barachi Fighter)             Turns: 10625, Time: 00:14:32

Health: -5/72      AC: 14    Str: 18    XL:     9   Next: 66%
Magic:  12/12      EV:  8    Int: 10    God:
Gold:   301        SH: 10    Dex: 13    Spells: 8/8 levels left

rFire    . . .     SeeInvis .   a - +1 long sword
rCold    . . .     Gourm    .   c - +0 shield
rNeg     . . .     Faith    .   F - +0 chain mail
rPois    .         Spirit   .   (no helmet)
rElec    .         Reflect  .   (no cloak)
rCorr    .         Harm     .   w - +0 pair of gloves
MR       .....     Clarity  +   (no boots)
Stlth    ..........             (no amulet)
HPRegen  0.22/turn              (no ring)
MPRegen  0.13/turn              (no ring)

@: slow
A: +LOS, swims, claws 1, icy blue scales 1, clarity, sense surroundings 1,
slowness 1, strong legs 1
a: Hop


You were on level 7 of the Dungeon.
You were not hungry.

You visited 1 branch of the dungeon, and saw 7 of its levels.
You also visited: Sewer.

You collected 301 gold pieces.

Inventory:

Hand Weapons
 a - a +1 long sword (weapon)
Missiles
 e - 266 stones (quivered)
 i - 19 sling bullets
 n - 27 bolts
 q - 131 arrows
 t - 43 poisoned needles
 A - 6 tomahawks
Armour
 c - a +0 shield (worn)
 w - a +0 pair of gloves (worn)
 F - a +0 chain mail (worn)
Jewellery
 d - an uncursed ring of protection from magic {unknown}
 l - an uncursed ring of protection from fire {unknown}
Wands
 p - a wand of flame (9)
Scrolls
 g - a scroll of teleportation
 j - 3 scrolls of remove curse
 u - 2 scrolls of amnesia
 B - 7 scrolls of identify
 G - a scroll of enchant weapon
Potions
 m - a potion of curing
Books
 b - Piheogad's Disquisition on Destructive Feathers
   (You found it on level 4 of the Dungeon)

   Spells                             Type                      Level
   a - Flame Tongue                   Conjuration/Fire             1
   b - Throw Flame                    Conjuration/Fire             2
   c - Poisonous Vapours              Poison/Air                   2
   d - Force Lance                    Conjuration/Translocation    4
   e - Fireball                       Conjuration/Fire             5
   f - Freezing Cloud                 Conjuration/Ice/Air          6
Miscellaneous
 z - a sack of spiders
Comestibles
 f - 9 rations


   Skills:
 + Level 7.2 Fighting
 + Level 7.0 Long Blades
 + Level 7.4 Armour
 + Level 5.5 Dodging
 + Level 6.9 Shields
 + Level 4.8 Evocations


You had 8 spell levels left.
You didn't know any spells.

Dungeon Overview and Level Annotations

Branches:
Dungeon (7/15)             Temple (0/1) D:7

Altars:
Ashenzari
Trog
Yredelemnul

Annotations:
D:6 Eustachio


Innate Abilities, Weirdness & Mutations

Shadows flee at your approach. (+LOS)
You can swim through water.
You cover ground slowly.
You can hop short distances.
You have sharp fingernails.
You are partially covered in icy blue scales. (AC +2)
You possess an exceptional clarity of mind.
You passively map a small area around you.


Message History

Your chain mail prevents you from hitting the orc priest.
The orc priest calls down the wrath of Beogh upon you.
Pain shoots through your body!
You hit the orc priest but do no damage.
The orc priest mumbles some strange prayers to Beogh against you.
Beogh smites you!
You closely miss the orc priest.
The orc priest mumbles some strange prayers to Beogh against you.
You struggle to resist.
You hit the orc priest.
The orc priest is moderately wounded.
The orc priest hits you but does no damage.
You slash the orc priest!
The orc priest is almost dead.
The orc priest hits you but does no damage.
You hit the orc priest.
The orc priest is almost dead.
The orc priest mumbles some strange prayers to Beogh against you.
Beogh smites you!
You die...

*#.....§oo§§#*#.,,.o.......#*,,,,
########+#####.***,,,,**#.#*,,,,
*,,,,,,,,,,,...***,,,,* #.#*****
*,*****,****#..,,,,,,,* #)# *
*,*⌠≈≈***≈≈⌠#..,,,,######'######
*,*≈≈≈≈≈≈≈≈≈#..,,,,#...........#
*,*≈≈≈*≈*≈≈≈#..,,,,#...........#
*,**≈**,**≈##.)#####...........#
*,,*≈*,_,*≈#..o@)..(.(.((......#
*,**≈**,**≈##.......†).##.......
*,*≈≈≈***≈≈≈#..........##.......
*,*≈≈≈≈≈≈≈≈≈#..........##.......
*,*⌠≈≈*+*≈≈⌠#..........###......
*,*****.#####..........# *####+#
*,,,,,,........<.......# *,*
*******................# *,*
*#....+..........# *,*


You could see an orc priest.

Vanquished Creatures
  The ghost of Canard the Charmwright, an amateur GnSk of Okawaru (D:5)
  A hornet (D:7)
  Menkaure (D:6)
  Edmund (D:6)
  A sky beast (D:5)
  2 ogres
  2 phantoms
  A centaur (D:7)
  2 bullfrogs
  Dowan (D:6)
  6 killer bees
  A crimson imp (D:6)
  A centaur zombie (D:5)
  A quasit (D:5)
  5 hounds
  An orc priest (D:7)
  6 orc wizards
  A centaur skeleton (D:6)
  A gnoll shaman (D:6)
  An iguana (D:5)
  6 worker ants
  Natasha (thrice) (D:4)
  A hound zombie (D:5)
  A worker ant zombie (D:6)
  13 adders
  4 gnolls (D:6)
  2 shadow imps
  2 adder zombies
  2 worms
  5 dart slugs
  4 leopard geckos
  12 orcs
  5 ball pythons
  7 bats
  12 giant cockroaches
  2 gnoll zombies (D:2)
  6 goblins
  7 hobgoblins
  10 jackals
  10 kobolds
  4 quokkas
  7 frilled lizards
  7 rats
  A plant (D:2)
170 creatures vanquished.

Vanquished Creatures (others)
  Duvessa (D:6)
1 creature vanquished.

Grand Total: 171 creatures vanquished

Notes
Turn   | Place    | Note
-------+----------+-------------------------------------------
     0 | D:1      | Miyamura the Barachi Fighter began the quest for the Orb.
     0 | D:1      | Reached XP level 1. HP: 18/18 MP: 1/1
   310 | D:1      | Reached XP level 2. HP: 20/25 MP: 2/2
   773 | D:1      | Reached skill level 1 in Dodging
  1026 | D:1      | Reached XP level 3. HP: 27/30 MP: 3/3
  1999 | D:2      | Found a basalt altar of Yredelemnul.
  2060 | D:2      | Reached XP level 4. HP: 37/37 MP: 4/4
  3100 | D:3      | Reached XP level 5. HP: 42/43 MP: 5/5
  3657 | D:4      | Noticed an ogre
  3669 | D:4      | Killed an ogre
  3669 | D:4      | Reached XP level 6. HP: 49/49 MP: 6/6
  3756 | D:4      | Found a glowing drain.
  3786 | Sewer    | Entered a sewer
  4048 | Sewer    | Reached skill level 5 in Fighting
  4048 | Sewer    | Reached skill level 5 in Armour
  4352 | D:4      | Noticed Natasha
  4362 | D:4      | Killed Natasha
  4405 | D:4      | Noticed Natasha
  4413 | D:4      | Killed Natasha
  4413 | D:4      | Reached XP level 7. HP: 35/56 MP: 7/7
  4538 | D:4      | Noticed Natasha
  4554 | D:4      | Killed Natasha
  4801 | D:4      | Identified Piheogad's Disquisition on Destructive Feathers
  4945 | D:5      | Entered Level 5 of the Dungeon
  5042 | D:5      | Reached skill level 1 in Evocations
  5155 | D:5      | Reached skill level 5 in Shields
  5430 | D:5      | Reached skill level 5 in Long Blades
  5434 | D:5      | Reached XP level 8. HP: 9/64 MP: 9/9
  5869 | D:5      | Noticed Canard's ghost (amateur GnSk)
  5912 | D:5      | Killed Canard's ghost
  6142 | D:5      | Found a shattered altar of Ashenzari.
  6669 | D:5      | Found a bloodstained altar of Trog.
  7077 | D:6      | Noticed Duvessa
  7078 | D:6      | Noticed Dowan
  7094 | D:6      | Gained mutation: You expend magic power (3 MP) to strengthen your wands. [potion of mutation]
  7094 | D:6      | Gained mutation: You have sharp fingernails. [potion of mutation]
  7094 | D:6      | Gained mutation: You are clumsy. (Dex -2) [potion of mutation]
  7094 | D:6      | Gained mutation: You possess an exceptional clarity of mind. [potion of mutation]
  7110 | D:6      | Killed Duvessa
  7119 | D:6      | Killed Dowan
  7350 | D:6      | Noticed Menkaure
  7361 | D:6      | Killed Menkaure
  7642 | D:6      | Reached XP level 9. HP: 65/71 MP: 11/11
  7894 | D:6      | Noticed Eustachio
  8425 | D:6      | Noticed Edmund
  8462 | D:6      | Killed Edmund
  8462 | D:6      | Reached skill level 5 in Dodging
  9584 | D:7      | Lost mutation: You expend magic power (3 MP) to strengthen your wands. [potion of mutation]
  9584 | D:7      | Lost mutation: You are clumsy. (Dex -2) [potion of mutation]
  9584 | D:7      | Gained mutation: You passively map a small area around you. [potion of mutation]
  9584 | D:7      | Gained mutation: You are partially covered in icy blue scales. (AC +2) [potion of mutation]
  9629 | D:6      | HP: 3/71 [poisoned by a killer bee]
 10569 | D:7      | Noticed a hornet
 10581 | D:7      | Killed a hornet
 10625 | D:7      | Killed from afar by an orc priest

Skill      XL: |  1  2  3  4  5  6  7  8  9 |
---------------+----------------------------+-----
Dodging        | 1 2 3 4 5 |  5.5
Armour         | 4 5 6 7 |  7.4
Fighting       | 4 5 6 7 |  7.2
Long Blades    | 3 4 5 6 7 |  7.0
Shields        | 4 5 6 |  6.9
Evocations     | 2 3 4 |  4.8

Action                   |  1- 3 |  4- 6 |  7- 9 || total
-------------------------+-------+-------+-------++-------
Melee: Long sword        |   144 |   249 |   829 ||  1222
Evoke: Wand              |       |     2 |     6 ||     8
  Use: Scroll            |       |     5 |    10 ||    15
       Potion            |       |       |    17 ||    17
 Stab: Confused          |       |     1 |       ||     1
       Invisible         |       |       |     3 ||     3
  Eat: Chunk             |     4 |    10 |    13 ||    27
       Ration            |       |       |     3 ||     3
Armor: Scale mail        |   101 |   125 |    11 ||   237
       Chain mail        |       |       |   411 ||   411
       Skin              |       |       |    86 ||    86
Dodge: Dodged            |    78 |   115 |   262 ||   455
Block: Shield            |    92 |   129 |   499 ||   720
       Rpst.: Long sword |    20 |    50 |    68 ||   138
